 Seeded DCSS version 0.29-a0-923-g6e406bff71 (webtiles) character file.

Game seed: 20220728 (custom seed)

945 purpskrrrp the Covert (level 8, -6/33 (36) HPs)
             Began as a Vine Stalker Enchanter on July 28, 2022.
             Mangled by a wight
             ... wielding a +1 vorpal great sword
              (17 damage)
             ... on level 5 of the Dungeon.
             The game lasted 00:09:51 (4538 turns).

purpskrrrp the Covert (Vine Stalker Enchanter)      Turns: 4538, Time: 00:09:51

HP:   -6/33 (36)    AC:  3    Str: 10    XL:     8   Next: 13%
MP:   0/12          EV: 12    Int: 15    God:
Gold: 228           SH:  0    Dex: 18    Spells: 11/11 levels left

rFire   . . .      SeeInvis .   a - +1 dagger (venom)
rCold   . . .      Faith    .   (no shield)
rNeg    . . .      Spirit   +   b - +0 robe
rPois   .          Reflect  .   q - +0 helmet
rElec   .          Harm     .   (no cloak)
rCorr   .          Rampage  .   (no gloves)
Will    +....                   (no boots)
Stlth   +++++.....              (no amulet)
HPRegen 0.91/turn               (no ring)
MPRegen 0.13/turn               (no ring)

@: drained
A: fangs 3, regeneration 1, magic shield, antimagic bite, no potion heal 2
a: no special abilities


You were on level 5 of the Dungeon.
You visited 1 branch of the dungeon, and saw 6 of its levels.

You collected 228 gold pieces.

Inventory:

Hand Weapons
 a - a +1 dagger of venom (weapon)
 w - a +4 dagger
Missiles
 d - 4 poisoned darts (quivered)
 i - 6 boomerangs
 n - 3 javelins
Armour
 b - a +0 robe (worn)
 q - a +0 helmet (worn)
Wands
 j - a wand of digging (4)
 t - a wand of charming (10)
 v - a wand of roots (8)
Scrolls
 c - a scroll of acquirement {unknown}
 f - 9 scrolls of identify {unknown}
 g - a scroll of immolation {unknown}
 h - a scroll of fog {unknown}
 k - a scroll of amnesia {unknown}
 l - 2 scrolls of blinking {unknown}
 m - 2 scrolls of enchant armour {unknown}
 o - a scroll of fear {unknown}
 p - 2 scrolls of magic mapping {unknown}
 r - 2 scrolls of silence {unknown}
 s - a scroll of teleportation {unknown}
Potions
 e - 4 potions of heal wounds
 u - 2 potions of curing {unknown}


   Skills:
 * Level 4.2 Short Blades
 - Level 1.5 Dodging
 * Level 10.7 Stealth
 - Level 2.1 Spellcasting
 - Level 3.0 Hexes


You had 11 spell levels left.
You didn't know any spells.
Your spell library contained the following spells:

 Spells                   Type           Power      Damage    Failure   Level
 Ensorcelled Hibernation  Hex/Ice        12%        N/A       19%         2
 Confusing Touch          Hex            10%        N/A       19%         3
 Tukima's Dance           Hex            10%        N/A       19%         3
 Poisonous Vapours        Pois/Air       2%         N/A       32%         2
 Dazzling Flash           Conj/Hex       12%        N/A       34%         3
 Corpse Rot               Necr/Pois/Air  1%         N/A       91%         4


Dungeon Overview and Level Annotations

Branches:
Dungeon (6/15)
 Temple: D:4-7

Altars:
Trog

Shops:
D:5 (([*(

Annotations:
D:3 3 runed translucent doors, reriks's ghost, amateur SpHu


Innate Abilities, Weirdness & Mutations

You have razor-sharp teeth.
Your natural rate of healing is unusually fast.
When hurt, damage is shared between your health and your magic reserves.
Your bite disrupts and absorbs the magic of your enemies.
Potions cannot restore your health.


Message History

The wight misses you.
You hit the wight but do no damage. You bite the wight. You drain its power.
You feel invigorated.
The wight is lightly damaged.
The wight hits you but does no damage.
The wight hits you with a +1 vorpal great sword!
You feel drained.
The wight hits you with a +2 falchion of freezing.
The wight freezes you.
There is a stone staircase leading up here.
The wight barely misses you. The wight closely misses you.
The wight hits you but does no damage.
You climb upwards.
There is a stone staircase leading down here.
You hit the wight.
The wight is lightly damaged.
The wight hits you with a +1 vorpal great sword!
* * * LOW HITPOINT WARNING * * *
You feel drained.
* * * LOW HITPOINT WARNING * * *
x2 It was a potion of heal wounds.
That seemed strangely inert.
The wight closely misses you.
You cannot be healed by potions.
Okay, then.
You barely miss the wight.
The wight is lightly damaged.
The wight closely misses you.
You hit the wight. Your bite misses the wight.
The wight is moderately damaged.
You hit the wight but do no damage. You bite the wight, but do no damage.
The wight is moderately damaged.
The wight barely misses you.
You hit the wight. Your bite misses the wight.
The wight is moderately damaged.
The wight misses you.
You hit the wight.
The wight is heavily damaged.
The wight hits you with a +1 vorpal great sword!!
Ouch! That really hurt!
You die...

###......###††#.# #..#.#
#.....####......# #..#.#
#.#####..#.#..### #..#.#
#.# #..#...## #..#.# #.#
#..#...# #..#.#
..#####..#...# #..#.#
.........#.#.# #..#.#
######...#.#.#######..#.#
.....#...#.#.>zz@.#####.#
.....#...#.######.# #.#
######...#.# #.# #.#
.........#.# #.#
#.######### ######.#.#.#
#.# #.........# #.#.#.#
#.# ########.## #.#.#.#
#.# #.# #...#.# #.# #.#
##########.# #.# #.#


You could see 2 wights.

Vanquished Creatures
  Eustachio (D:4)
  An acid dragon (D:4)
  A phantom (D:5)
  2 scorpions
  2 orc priests
  5 hounds (D:5)
  A jelly (D:5)
  2 iguanas
  3 orc wizards
  3 gnolls (D:2)
  6 adders
  9 orcs
  3 bats
  6 endoplasms
  3 giant cockroaches
  5 goblins
  6 hobgoblins
  4 jackals (D:5)
  6 kobolds
  2 quokkas
  4 ball pythons
  3 rats
78 creatures vanquished.

Vanquished Creatures (others)
  4 fungi (D:3)
4 creatures vanquished.

Grand Total: 82 creatures vanquished

Notes
Turn   | Place    | Note
-------+----------+-------------------------------------------
     0 | D:1      | purpskrrrp the Vine Stalker Enchanter began the quest for
                  | the Orb.
     0 | D:1      | Reached XP level 1. HP: 9/9 MP: 4/4
   252 | D:1      | Reached skill level 1 in Short Blades
   394 | D:1      | Reached skill level 4 in Stealth
   407 | D:1      | Found a faded altar of an unknown god.
   418 | D:1      | Reached XP level 2. HP: 13/13 MP: 6/6
  1774 | D:2      | Reached skill level 5 in Stealth
  1774 | D:2      | Reached XP level 3. HP: 12/16 MP: 3/7
  2167 | D:2      | Gained mutation: Your natural rate of healing is unusually
                  | fast. [Vine Stalker growth]
  2167 | D:2      | Reached XP level 4. HP: 19/21 MP: 6/8
  2399 | D:3      | Noticed a kobold brigand
  2404 | D:3      | Found a runed translucent gate.
  2404 | D:3      | Found a runed translucent gate.
  2404 | D:3      | Noticed reriks's ghost (amateur SpHu)
  2442 | D:3      | Found a runed translucent gate.
  2490 | D:3      | Reached skill level 6 in Stealth
  2964 | D:4      | Noticed an acid dragon
  2972 | D:4      | Killed an acid dragon
  2973 | D:4      | Reached skill level 7 in Stealth
  2973 | D:4      | Reached XP level 5. HP: 16/24 MP: 5/9
  3070 | D:4      | Found a bloodstained altar of Trog.
  3126 | D:4      | Reached XP level 6. HP: 28/28 MP: 10/10
  3201 | D:4      | Noticed Eustachio
  3205 | D:4      | Killed Eustachio
  3206 | D:4      | Reached skill level 8 in Stealth
  3274 | D:4      | Reached XP level 7. HP: 32/32 MP: 11/11
  3434 | D:4      | Reached skill level 9 in Stealth
  3575 | D:5      | Entered Level 5 of the Dungeon
  3727 | D:5      | Found Weocob's Antique Weapon Shoppe.
  3884 | D:5      | Reached skill level 10 in Stealth
  4109 | D:5      | Found Ygguceiluo's Armour Shop.
  4118 | D:5      | Found Himuushro's Weapon Boutique.
  4229 | D:5      | Found Ytogiy Teib's Assorted Antiques.
  4263 | D:5      | Found Hisiniz's Antique Weapon Boutique.
  4271 | D:5      | Gained mutation: You have razor-sharp teeth. [Vine Stalker
                  | growth]
  4271 | D:5      | Reached XP level 8. HP: 36/36 MP: 12/12
  4538 | D:5      | Mangled by a wight

Illustrated notes

Levels and vault maps discovered:
D:1:      dpeg_arrival_erosion, layout_basic, ebering_ecumenical_altar_abandoned
D:2:      layout_basic
D:3:      layout_loops_ring, gammafunk_ghost_nasty_kobolds
D:4:      layout_gridville, lemuel_tele_altar, st_stairs_3, uniq_eustachio
D:5:      minmay_evil_eye, layout_basic, serial_shops, nicolae_diamond_shop,
          shop_fountains, shop, shop, nicolae_shop_advertising_works
          [nicolae_subvault_shop_adworks]
D:6:      layout_basic, minitemple, minmay_temple_entry_mist,
          cheibrodos_sewer_entry_bend, uniq_blork_the_orc, uniq_prince_ribbit1

Skill      XL: |  1  2  3  4  5  6  7 |
---------------+----------------------+-----
Short Blades   | 1 2 3 4 |  4.2
Stealth        | 4 5 7 8 10 | 10.7
Dodging        | |  1.5
Spellcasting   | |  2.1
Hexes          | |  3.0

Action                   |  1- 3 |  4- 6 |  7- 9 || total
-------------------------+-------+-------+-------++-------
Melee: Dagger            |    57 |    53 |    85 ||   195
       Bite              |    12 |    10 |    29 ||    51
       Punch             |     1 |     1 |     1 ||     3
  Use: Scroll            |     1 |       |       ||     1
       Potion            |     1 |     1 |     2 ||     4
 Stab: Sleeping          |    10 |    11 |     6 ||    27
       Invisible         |     1 |       |       ||     1
       Distracted        |       |       |     1 ||     1
Armor: Robe              |     7 |     9 |    20 ||    36
Dodge: Dodged            |    41 |    19 |    34 ||    94

Table legend: (Time is in decaauts)
 A = Elapsed time spent in this place.
 B = Non-inter-level travel time spent in this place.
 C = Inter-level travel time spent in this place.
 D = Time resting spent in this place.
 E = Time spent auto-exploring this place.
 F = Levels seen in this place.
 G = Mean time per level.
                   A        B        C        D        E       F      G
               +--------+--------+--------+--------+--------+-----+--------+
         Total |   4511 |   4312 |    199 |     36 |   3607 |   6 |  751.8 |
       Dungeon |   4511 |   4312 |    199 |     36 |   3607 |   6 |  751.8 |
               +--------+--------+--------+--------+--------+-----+--------+

Top non-repeatable levels by time:
     D:1: 1316 daAuts
     D:2: 983 daAuts
     D:5: 942 daAuts
     D:3: 658 daAuts
     D:4: 605 daAuts
     D:6: 6 daAuts
